TOP OF THE 1ST |
Calgary Cowboys batting - Pitching for Albuquerque Isotopes : RHP Mark Sanders
|
Pitching: RHP Mark Sanders
|
|
Batting: RHB Luis Peña
|
0-0: Ball 1-0: Fly out, F9 (Flyball, 89S)
|
Batting: RHB Mike Wilcox
|
0-0: Called Strike 0-1: Foul Ball, location: 2F 0-2: Foul Ball, location: 2F 0-2: Ground out 6-3 (Groundball, 6)
|
Batting: RHB Dan Wyatt
|
0-0: Called Strike 0-1: Called Strike 0-2: Ball 1-2: Ground out 5-3 (Groundball, 56)
|
Top of the 1st over - 0 run(s), 0 hit(s), 0 error(s), 0 left on base; Calgary 0 - Albuquerque 0 |
BOTTOM OF THE 1ST |
Albuquerque Isotopes batting - Pitching for Calgary Cowboys : RHP Bert Killick
|
Pitching: RHP Bert Killick
|
|
Batting: LHB Domingo Cardona
|
0-0: Ball 1-0: SINGLE (Groundball, 34S)
|
Batting: SHB Lee Townsend
|
0-0: Foul Ball, location: 2F 0-1: Ball 1-1: Swinging Strike 1-2: Ball 2-2: Ball 3-2: 2-RUN HOME RUN (Flyball, 9LD), Distance : 376 ft
|
Batting: LHB Juan Carlos Sánchez
|
0-0: Called Strike 0-1: Ball 1-1: Fly out, F8 (Flyball, 8LS)
|
Batting: LHB Mark Vestal
|
0-0: Swinging Strike 0-1: Ball 1-1: Foul Ball, location: 2F 1-2: Ball 2-2: Foul Ball, location: 2F 2-2: Strikes out looking
|
Batting: RHB Cristián Herrera
|
0-0: Foul Ball, location: 2F 0-1: DOUBLE (Line Drive, 9LD)
|
Batting: RHB Juan Vareas
|
0-0: Fly out, F9 (Flyball, 9D)
|
Bottom of the 1st over - 2 run(s), 3 hit(s), 0 error(s), 1 left on base; Calgary 0 - Albuquerque 2 |
TOP OF THE 2ND |
Calgary Cowboys batting - Pitching for Albuquerque Isotopes : RHP Mark Sanders
|
Batting: RHB Cristián Peña
|
0-0: Called Strike 0-1: Called Strike 0-2: Ground out 5-3 (Groundball, 5)
|
Batting: RHB Mario Sánchez
|
0-0: Ball 1-0: Ground out 1-3 (Groundball, 15)
|
Batting: RHB Jorge Balencia
|
0-0: Called Strike 0-1: Ball 1-1: Called Strike 1-2: Fly out, F4 (Popup, 4D)
|
Top of the 2nd over - 0 run(s), 0 hit(s), 0 error(s), 0 left on base; Calgary 0 - Albuquerque 2 |
BOTTOM OF THE 2ND |
Albuquerque Isotopes batting - Pitching for Calgary Cowboys : RHP Bert Killick
|
Batting: RHB Arturo García
|
0-0: Ball 1-0: Foul Ball, location: 2F 1-1: Fly out, F7 (Flyball, 78S)
|
Batting: SHB Tony McLaughlin
|
0-0: Fly out, F5 (Line Drive, 56S)
|
Batting: RHB Juan Barrera
|
0-0: Foul Ball, location: 2F 0-1: Swinging Strike 0-2: Ball 1-2: Strikes out swinging
|
Bottom of the 2nd over - 0 run(s), 0 hit(s), 0 error(s), 0 left on base; Calgary 0 - Albuquerque 2 |
TOP OF THE 3RD |
Calgary Cowboys batting - Pitching for Albuquerque Isotopes : RHP Mark Sanders
|
Batting: RHB Jesús Hernández
|
0-0: Ground out 3-1 (Groundball, 34)
|
Batting: LHB Freddy Herrera
|
0-0: Called Strike 0-1: Ball 1-1: Foul Ball, location: 2F 1-2: Ball 2-2: Fly out, F7 (Line Drive, 7S)
|
Batting: RHB Iain Liefting
|
0-0: Called Strike 0-1: Foul Ball, location: 2F 0-2: Foul Ball, location: 2F 0-2: Ball 1-2: Ball 2-2: Foul Ball, location: 2F 2-2: Foul Ball, location: 2F 2-2: Strikes out swinging
|
Top of the 3rd over - 0 run(s), 0 hit(s), 0 error(s), 0 left on base; Calgary 0 - Albuquerque 2 |
BOTTOM OF THE 3RD |
Albuquerque Isotopes batting - Pitching for Calgary Cowboys : RHP Bert Killick
|
Batting: LHB Domingo Cardona
|
0-0: Ball 1-0: Called Strike 1-1: Foul Ball, location: 2F 1-2: Ball 2-2: Ball 3-2: Base on Balls
|
Batting: SHB Lee Townsend
|
0-0: Called Strike 0-1: Called Strike 0-2: Grounds into double play, 4-6-3 (Groundball, 4)
|
Batting: LHB Juan Carlos Sánchez
|
0-0: Swinging Strike 0-1: Called Strike 0-2: Strikes out looking
|
Bottom of the 3rd over - 0 run(s), 0 hit(s), 0 error(s), 0 left on base; Calgary 0 - Albuquerque 2 |
TOP OF THE 4TH |
Calgary Cowboys batting - Pitching for Albuquerque Isotopes : RHP Mark Sanders
|
Batting: RHB Luis Peña
|
0-0: SINGLE (Flyball, 78S)
|
Batting: RHB Mike Wilcox
|
0-0: Ball 1-0: Foul Ball, location: 2F 1-1: Ball 2-1: Swinging Strike 2-2: Strikes out looking
|
Batting: RHB Dan Wyatt
|
0-0: Ball 1-0: Ball 2-0: Called Strike 2-1: Foul Ball, location: 2F 2-2: Grounds into double play, 6-4-3 (Groundball, 6)
|
Top of the 4th over - 0 run(s), 1 hit(s), 0 error(s), 0 left on base; Calgary 0 - Albuquerque 2 |
BOTTOM OF THE 4TH |
Albuquerque Isotopes batting - Pitching for Calgary Cowboys : RHP Bert Killick
|
Batting: LHB Mark Vestal
|
0-0: Called Strike 0-1: Foul Ball, location: 2F 0-2: Ball 1-2: Ball 2-2: Ball 3-2: Base on Balls
|
Batting: RHB Cristián Herrera
|
0-0: Called Strike 0-1: SINGLE (Flyball, 89S) Mark Vestal to second Runner from 2nd tries for 3rd, SAFE, no throw or cutoff
|
Batting: RHB Juan Vareas
|
0-0: Foul Ball, location: 2F 0-1: Ball 1-1: Ball 2-1: SINGLE (Line Drive, 78S) Mark Vestal scores Cristián Herrera to second
|
Batting: RHB Arturo García
|
0-0: Ball 1-0: Foul Ball, location: 2F 1-1: Called Strike 1-2: Ball 2-2: Fly out, F9 (Popup, 9S)
|
Batting: SHB Tony McLaughlin
|
0-0: Ball 1-0: Ball 2-0: Ball 3-0: Called Strike 3-1: Foul Ball, location: 2F 3-2: Base on Balls Cristián Herrera to third Juan Vareas to second
|
Batting: RHB Juan Barrera
|
0-0: Ball 1-0: Foul Ball, location: 2F 1-1: Ball 2-1: Ball 3-1: Base on Balls Cristián Herrera scores Juan Vareas to third Tony McLaughlin to second
|
Batting: LHB Domingo Cardona
|
0-0: Called Strike 0-1: Ball 1-1: Ball 2-1: Ball 3-1: Called Strike 3-2: Base on Balls Juan Vareas scores Tony McLaughlin to third Juan Barrera to second
|
Batting: SHB Lee Townsend
|
0-0: Grounds into double play, 4-6-3 (Groundball, 34)
|
Bottom of the 4th over - 3 run(s), 2 hit(s), 0 error(s), 2 left on base; Calgary 0 - Albuquerque 5 |
TOP OF THE 5TH |
Calgary Cowboys batting - Pitching for Albuquerque Isotopes : RHP Mark Sanders
|
Batting: RHB Cristián Peña
|
0-0: Called Strike 0-1: Ball 1-1: Ground out 4-3 (Groundball, 4)
|
Batting: RHB Mario Sánchez
|
0-0: Swinging Strike 0-1: Ball 1-1: Foul Ball, location: 2F 1-2: Foul Ball, location: 2F 1-2: Foul Ball, location: 2F 1-2: Fly out, F8 (Flyball, 8LS)
|
Batting: RHB Jorge Balencia
|
0-0: Fly out, F9 (Line Drive, 89D)
|
Top of the 5th over - 0 run(s), 0 hit(s), 0 error(s), 0 left on base; Calgary 0 - Albuquerque 5 |
BOTTOM OF THE 5TH |
Albuquerque Isotopes batting - Pitching for Calgary Cowboys : RHP Bert Killick
|
Batting: LHB Juan Carlos Sánchez
|
0-0: Ball 1-0: Ball 2-0: Swinging Strike 2-1: Ball 3-1: Called Strike 3-2: Base on Balls
|
Batting: LHB Mark Vestal
|
0-0: Foul Ball, location: 2F 0-1: Foul Ball, location: 2F 0-2: SINGLE (Groundball, 3D) Juan Carlos Sánchez to second Runner from 2nd tries for 3rd, SAFE, throw made to third
|
Batting: RHB Cristián Herrera
|
0-0: Ball 1-0: Ball 2-0: Called Strike 2-1: Called Strike 2-2: Ball 3-2: Base on Balls Mark Vestal to second
|
Batting: RHB Juan Vareas
|
0-0: GRAND SLAM HOME RUN (Flyball, 89XD), Distance : 407 ft
|
Pitching: RHP Nick Ruby
|
|
Batting: RHB Arturo García
|
0-0: Foul Ball, location: 2F 0-1: Foul Ball, location: 2F 0-2: Strikes out swinging
|
Batting: SHB Tony McLaughlin
|
0-0: Foul Ball, location: 2F 0-1: Swinging Strike 0-2: Ball 1-2: Foul Ball, location: 2F 1-2: Ground out 6-3 (Groundball, 6M)
|
Batting: RHB Juan Barrera
|
0-0: Called Strike 0-1: Ball 1-1: SOLO HOME RUN (Flyball, 78XD), Distance : 410 ft
|
Batting: LHB Domingo Cardona
|
0-0: Ball 1-0: Called Strike 1-1: Called Strike 1-2: Ball 2-2: Strikes out swinging, 2-3 out at first.
|
Bottom of the 5th over - 5 run(s), 3 hit(s), 0 error(s), 0 left on base; Calgary 0 - Albuquerque 10 |
TOP OF THE 6TH |
Calgary Cowboys batting - Pitching for Albuquerque Isotopes : RHP Mark Sanders
|
Batting: RHB Jesús Hernández
|
0-0: Bunt for hit - play at first, batter safe!
|
Batting: LHB Freddy Herrera
|
0-0: Ball 1-0: Called Strike 1-1: Foul Ball, location: 2F 1-2: Strikes out swinging
|
Batting: RHB Iain Liefting
|
0-0: Ball 1-0: Ball 2-0: Ball 3-0: Base on Balls Jesús Hernández to second
|
Batting: RHB Luis Peña
|
0-0: Ball 1-0: Grounds into double play, 6-4-3 (Groundball, 6)
|
Top of the 6th over - 0 run(s), 1 hit(s), 0 error(s), 1 left on base; Calgary 0 - Albuquerque 10 |
BOTTOM OF THE 6TH |
Albuquerque Isotopes batting - Pitching for Calgary Cowboys : RHP Nick Ruby
|
Batting: SHB Lee Townsend
|
0-0: Called Strike 0-1: Swinging Strike 0-2: Strikes out swinging
|
Batting: LHB Juan Carlos Sánchez
|
0-0: Fly out, F7 (Flyball, 78M)
|
Batting: LHB Mark Vestal
|
0-0: Ball 1-0: Fly out, F8 (Flyball, 8LD)
|
Bottom of the 6th over - 0 run(s), 0 hit(s), 0 error(s), 0 left on base; Calgary 0 - Albuquerque 10 |
TOP OF THE 7TH |
Calgary Cowboys batting - Pitching for Albuquerque Isotopes : RHP Mark Sanders
|
Batting: RHB Mike Wilcox
|
0-0: Fly out, F8 (Flyball, 8RXD)
|
Batting: RHB Dan Wyatt
|
0-0: Called Strike 0-1: SINGLE (Line Drive, 7S)
|
Batting: RHB Cristián Peña
|
0-0: Foul Ball, location: 2F 0-1: Fly out, F6 (Line Drive, 6)
|
Batting: RHB Mario Sánchez
|
|
Pinch Hitting: RHB Ramón Martínez
|
0-0: Ball 1-0: Called Strike 1-1: Ball 2-1: Foul Ball, location: 2F 2-2: Foul Ball, location: 2F 2-2: Strikes out swinging
|
Top of the 7th over - 0 run(s), 1 hit(s), 0 error(s), 1 left on base; Calgary 0 - Albuquerque 10 |
BOTTOM OF THE 7TH |
Albuquerque Isotopes batting - Pitching for Calgary Cowboys : RHP Nick Ruby
|
Pitching: RHP Mitsunari Jouda
|
|
Now in RF: Júlio Soto
|
|
Batting: RHB Cristián Herrera
|
0-0: Called Strike 0-1: Ball 1-1: Ground out 6-3 (Groundball, 56)
|
Batting: RHB Juan Vareas
|
0-0: Called Strike 0-1: Foul Ball, location: 2F 0-2: Ball 1-2: SINGLE (Line Drive, 4MD)
|
Batting: RHB Arturo García
|
0-0: Called Strike 0-1: Ball Juan Vareas steals 2nd base 1-1: Swinging Strike 1-2: SINGLE (Groundball, 4MD) Juan Vareas to third Runner from 3rd tries for Home, SAFE, no throw or cutoff
|
Batting: SHB Tony McLaughlin
|
0-0: Called Strike 0-1: Ball 1-1: Called Strike 1-2: Ball 2-2: Ball 3-2: Fly out, F7 (Popup, 5D)
|
Batting: RHB Juan Barrera
|
0-0: Foul Ball, location: 2F 0-1: Ball 1-1: Ball 2-1: Called Strike 2-2: Foul Ball, location: 2F 2-2: Ball 3-2: Base on Balls Arturo García to second
|
Batting: LHB Domingo Cardona
|
0-0: Called Strike 0-1: Foul Ball, location: 2F 0-2: Ball 1-2: Foul Ball, location: 2F 1-2: Ball 2-2: Ball 3-2: Ground out 1-3 (Groundball, 13)
|
Bottom of the 7th over - 1 run(s), 2 hit(s), 0 error(s), 2 left on base; Calgary 0 - Albuquerque 11 |
TOP OF THE 8TH |
Calgary Cowboys batting - Pitching for Albuquerque Isotopes : RHP Mark Sanders
|
Now at 3B: Donald Camp
|
|
Now at SS: Jorge Ramírez
|
|
Now in CF: Roberto Pérez
|
|
Batting: RHB Jorge Balencia
|
0-0: Called Strike 0-1: SOLO HOME RUN (Flyball, 7LD), Distance : 370 ft
|
Batting: RHB Jesús Hernández
|
0-0: Called Strike 0-1: Ground out 4-3 (Groundball, 4)
|
Batting: LHB Freddy Herrera
|
0-0: Ball 1-0: Ball 2-0: SINGLE (Groundball, 13S) (infield hit)
|
Batting: RHB Iain Liefting
|
0-0: Ball 1-0: Called Strike 1-1: Ball 2-1: Called Strike 2-2: Ball 3-2: Foul Ball, location: 2F 3-2: Fielders Choice at 2nd, 3-6 (Groundball, 3)
|
Batting: RHB Luis Peña
|
0-0: SINGLE (Line Drive, 34D) Iain Liefting to second
|
Batting: RHB Mike Wilcox
|
0-0: Foul Ball, location: 2F 0-1: Ground out 5-3 (Groundball, 56S)
|
Top of the 8th over - 1 run(s), 3 hit(s), 0 error(s), 2 left on base; Calgary 1 - Albuquerque 11 |
BOTTOM OF THE 8TH |
Albuquerque Isotopes batting - Pitching for Calgary Cowboys : RHP Mitsunari Jouda
|
Pitching: RHP Tim Flynn
|
|
Batting: SHB Lee Townsend
|
0-0: Swinging Strike 0-1: Ball 1-1: Ball 2-1: Ground out 4-3 (Groundball, 4)
|
Batting: LHB Juan Carlos Sánchez
|
0-0: Called Strike 0-1: Fly out, F7 (Flyball, 7S)
|
Batting: LHB Mark Vestal
|
0-0: Ball 1-0: Ball 2-0: Foul Ball, location: 2F 2-1: Ground out 4-3 (Groundball, 4)
|
Bottom of the 8th over - 0 run(s), 0 hit(s), 0 error(s), 0 left on base; Calgary 1 - Albuquerque 11 |
TOP OF THE 9TH |
Calgary Cowboys batting - Pitching for Albuquerque Isotopes : RHP Mark Sanders
|
Now at 1B: Alfonso Huertas
|
|
Batting: RHB Dan Wyatt
|
0-0: Called Strike 0-1: Ball 1-1: Foul Ball, location: 2F 1-2: Strikes out swinging
|
Batting: RHB Cristián Peña
|
0-0: Ground out 3-1 (Groundball, 34)
|
Batting: RHB Júlio Soto
|
0-0: Called Strike 0-1: DOUBLE (Line Drive, 78XD)
|
Pitching: LHP Cris Quezada
|
|
Batting: RHB Jorge Balencia
|
0-0: Called Strike 0-1: Ball 1-1: Fly out, F7 (Flyball, 78D)
|
Top of the 9th over - 0 run(s), 1 hit(s), 0 error(s), 1 left on base; Calgary 1 - Albuquerque 11 |
|